 Dungeon Crawl Stone Soup version 0.19-a0-1109-g16db51f (webtiles) character file.

795 MrRokkomies the Slasher (level 7, -3/45 HPs)
             Began as a Tengu Gladiator on Aug 10, 2016.
             Was a Follower of Okawaru.
             Slain by an ogre
             ... wielding a +0 giant club
              (8 damage)
             ... on level 6 of the Dungeon.
             The game lasted 00:11:22 (5462 turns).

MrRokkomies the Slasher (Tengu Gladiator)           Turns: 5462, Time: 00:11:23

Health: -3/45      AC: 10    Str: 17    XL:     7   Next: 89%
Magic:  8/8        EV:  9    Int:  9    God:    Okawaru [*.....]
Gold:   405        SH:  0    Dex: 19    Spells: 0 memorised, 6 levels left

rFire  . . .     SeeInvis .     a - +0 long sword
rCold  . . .     Gourm    .     u - +0 chain mail
rNeg   . . .     Faith    .     (no shield)
rPois  .         Spirit   .     c - +1 hat
rElec  .         Dismiss  .     (no cloak)
rCorr  .         Reflect  .     (no gloves)
SustAt .         Harm     .     (boots unavailable)
MR     +....                    o - amulet of rage
Stlth  ..........               i - ring of protection from magic
                                H - +5 ring of dexterity

@:
A: antennae 1, beak, talons 3, able to fly 1
a: Fly, Heroism, Renounce Religion, Evoke Berserk Rage


You were on level 6 of the Dungeon.
You worshipped Okawaru.
Okawaru was aware of your devotion.
You were very hungry.

You visited 1 branch of the dungeon, and saw 7 of its levels.

You collected 405 gold pieces.

Inventory:

Hand Weapons
 a - a +0 long sword (weapon)
 b - a +0 hand crossbow
 w - a +0 blowgun
 y - a +0 shortbow
Missiles
 d - 3 throwing nets (quivered)
 n - 15 bolts
 r - 125 arrows
 x - 8 poisoned needles
Armour
 c - a +1 hat (worn)
 j - a +0 plate armour
 u - a +0 chain mail (worn)
Jewellery
 e - an uncursed ring of resist corrosion
 i - a ring of protection from magic (right hand)
 k - an uncursed ring of magical power
 o - an amulet of rage (around neck)
 B - an uncursed ring of fire
 H - a +5 ring of dexterity (left hand)
 I - an uncursed ring of see invisible
Wands
 F - a wand of lightning (8/15)
 K - a wand of slowing (27/48)
Scrolls
 s - 3 scrolls of remove curse
 A - 2 scrolls of amnesia
 J - a scroll of magic mapping
Potions
 g - 2 potions of curing
 h - a potion of brilliance
 l - 3 potions of resistance
 m - 2 potions of haste
 p - a potion of heal wounds
 q - 2 potions of might
 t - a potion of invisibility
 C - 2 potions of cancellation {unknown}
 E - a potion of lignification {unknown}
 G - 2 potions of flight {unknown}
Books
 z - a book of Clouds

   Spells                             Type                      Level
   a - Mephitic Cloud                 Conjuration/Poison/Air       3
   b - Conjure Flame                  Conjuration/Fire             3
   c - Poisonous Cloud                Conjuration/Poison/Air       6
   d - Freezing Cloud                 Conjuration/Ice/Air          6
   e - Ring of Flames                 Charms/Fire                  7
Comestibles
 f - 3 bread rations
 v - 4 meat rations
 D - 4 fruits


   Skills:
 * Level 5.9 Fighting
 * Level 6.7 Long Blades
 - Level 2.0 Throwing
 + Level 3.6 Armour
 - Level 3.2 Dodging


You had 6 spell levels left.
You didn't know any spells.

Dungeon Overview and Level Annotations

Branches:
Dungeon (7/15)
 Temple: D:4-7

Altars:
Elyvilon
Okawaru
Qazlal
Sif Muna
Yredelemnul

Shops:
D:6 %


Innate Abilities, Weirdness & Mutations

You have a beak for a mouth.
You have claws for feet.
You can fly.
You have a pair of small antennae on your head.


Message History

You start resting.
An ogre comes into view. It is wielding a giant club.
The ogre shouts!
You hit the ogre. You claw the ogre, but do no damage.
Your peck misses the ogre.
The ogre is lightly wounded.
The ogre hits you with a giant club!
You slash the ogre!
The ogre is heavily wounded.
The ogre hits you with a giant club!
You are too injured to fight recklessly!
You are too injured to fight recklessly!
You barely miss the ogre.
The ogre is heavily wounded.
The ogre hits you with a giant club!
* * * LOW HITPOINT WARNING * * *
You barely miss the ogre.
The ogre is heavily wounded.
The ogre hits you with a giant club!
You die...

#.###'##########
#.##...........#
#.##...........#
#.##...........##
#.###'#.........# #.#
#.#.#######.##### #.#
#.#.#............
#.###.#.#.#####.####.
#>..@O...............
#.###.#.#.#####.###.. #.#
#.#.#.# #.###.. ####.#
#.#.#.## #.#....
###....###.#.#..# #.#.###
#.#+#....#.#.##.####.#.###
#.'\'....'....†...........
#.#'#....#.#.##.####.#.###
###...####.#.##.####.#.# #


You could see an ogre.

Vanquished Creatures
  An ogre (D:4)
  A centaur (D:3)
  2 giant frogs
  A crimson imp (D:6)
  2 hounds (D:4)
  An orc priest (D:4)
  An orc wizard (D:4)
  3 iguanas
  5 worker ants
  A killer bee zombie (D:5)
  A howler monkey skeleton (D:6)
  4 adders
  A shadow imp (D:6)
  An adder skeleton (D:4)
  4 dart slugs
  4 giant geckos
  4 orcs
  2 giant cockroaches
  4 goblins (D:2)
  5 hobgoblins
  2 jackals (D:1)
  3 quokkas
  3 ball pythons
  7 bats
  4 giant gecko skeletons
  5 giant newts
  8 kobolds
  6 rats
86 creatures vanquished.

Notes
Turn   | Place    | Note
-------+----------+-------------------------------------------
     0 | D:1      | MrRokkomies the Tengu Gladiator began the quest for the Orb.
     0 | D:1      | Reached XP level 1. HP: 12/12 MP: 2/2
   292 | D:1      | Reached XP level 2. HP: 18/18 MP: 3/3
   839 | D:1      | Reached XP level 3. HP: 22/22 MP: 4/4
  1025 | D:2      | Found a white marble altar of Elyvilon.
  1027 | D:2      | Found an iron altar of Okawaru.
  1042 | D:2      | Became a worshipper of Warmaster Okawaru
  1505 | D:2      | Reached skill level 4 in Long Blades
  1595 | D:2      | Gained mutation: You have a pair of small antennae on your head. [potion of beneficial mutation]
  1918 | D:3      | Noticed a centaur
  1930 | D:3      | Killed a centaur
  1930 | D:3      | Reached skill level 1 in Armour
  1930 | D:3      | Reached XP level 4. HP: 9/29 MP: 5/5
  1930 | D:3      | Gained mutation: You can fly. [Tengu growth]
  1930 | D:3      | Reached XP level 5. HP: 10/33 MP: 6/6
  2893 | D:4      | Noticed an ogre
  2900 | D:4      | Reached skill level 5 in Long Blades
  2900 | D:4      | Reached XP level 6. HP: 39/39 MP: 7/7
  2904 | D:4      | Reached * piety under Okawaru
  3578 | D:4      | Reached skill level 5 in Fighting
  3643 | D:4      | Reached XP level 7. HP: 37/44 MP: 8/8
  3766 | D:5      | Entered Level 5 of the Dungeon
  3879 | D:5      | Found a stormy altar of Qazlal.
  4052 | D:5      | Reached skill level 6 in Long Blades
  4506 | D:6      | Found a basalt altar of Yredelemnul.
  4520 | D:6      | Found a deep blue altar of Sif Muna.
  4647 | D:6      | Found a stormy altar of Qazlal.
  4992 | D:6      | Found Ytsiat's Food Boutique.
  5462 | D:6      | Slain by an ogre

Vault maps used:
D:1:      lemuel_arrival_cross
D:2:      grunt_temple_overflow_open, minmay_octomino_j4
D:4:      first_bread, saegor_snake_ambush
D:5:      basic_altar
D:6:      nicolae_overflow_hidden_temple, serial_shops,
          nicolae_shop_behind_doors

Skill      XL: |  1  2  3  4  5  6  7 |
---------------+----------------------+-----
Fighting       | 3 4 5 |  5.9
Long Blades    | 4 5 6 |  6.7
Armour         | 1 2 3 |  3.6
Throwing       | |  2.0
Dodging        | |  3.2

Action                   |  1- 3 |  4- 6 |  7- 9 || total
-------------------------+-------+-------+-------++-------
Melee: Long sword        |   122 |   116 |    82 ||   320
       Kick              |    34 |    31 |    26 ||    91
       Peck              |    18 |    18 |    13 ||    49
 Fire: Hand crossbow     |       |     2 |       ||     2
 Abil: Fly               |       |     1 |       ||     1
  Use: Scroll            |     8 |     5 |     4 ||    17
       Potion            |     1 |       |       ||     1
  Eat: Chunk             |     2 |     2 |     5 ||     9
       Bread ration      |       |     1 |       ||     1
Armor: Leather armour    |     5 |       |       ||     5
       Plate armour      |    49 |       |       ||    49
       Chain mail        |    14 |    49 |    35 ||    98
Dodge: Dodged            |    44 |    48 |    28 ||   120
